Map: Ruins of Seras

Players

Javert - Winner!

  • Race: Zerg Zerg

VOD

Have the link to the VOD?

Description

Time

  • Played on: April 30, 2015, 10:57 p.m.
  • Length: 7:01
Show
View Real Time Build Order
Export as new Build Order

Javert Zerg - Winner!

Build Orders: Hatch First 

Get SALT Encoding   

  12  0:27  Drone x2  
  12  0:29  Overlord  
  12  1:00  Drone x3  
  12  1:12  Hatchery  
  12  1:16  Drone  
  12  1:24  Drone  
  12  1:30  Extractor  
  12  1:34  Spawning Pool  
  12  1:37  Drone  
  12  1:43  Drone  
  12  1:57  Drone  
  12  2:06  Drone  
  12  2:17  Drone  
  12  2:28  Queen x2  
  12  2:31  Drone x2  
  12  2:52  Overlord x3  
  12  2:58  Metabolic Boost, Drone  
  12  3:10  Overlord, Queen x2  
  12  3:15  Drone x2  
  12  3:27  Zergling x6  
  12  3:40  Drone x6  
  12  3:55  Drone x3  
  12  3:56  Drone x2  
  12  4:14  Hatchery, Roach Warren  
  12  4:16  Extractor  
  12  4:18  Extractor  
  12  4:21  Extractor  
  12  4:28  Drone x8  
  12  4:29  Drone x2  
  12  4:37  Drone  
  12  4:48  Overlord x4  
  12  4:57  Roach x3  
  12  5:18  Roach  
  12  5:19  Roach x8  
  12  5:22  Ravager x3  
  12  5:45  Ravager  
  12  5:46  Ravager x2  
  12  5:51  Drone  
  12  5:52  Drone x13  
  12  6:08  Extractor  
  12  6:10  Extractor  
  12  6:19  Drone  
Tags
 
Add a new tag
Caveats
  • Supply blocks, unpowered buildings, or Contaminate may cause inaccurate times.
  • Supply counts are checked every 10 seconds.